3AAA
WARWICK HUNCHBACKS @ SYLVANIA MAPLE LEAVES
07/26/2017
 
TOP OF THE 1ST
Warwick Hunchbacks batting - Pitching for Sylvania Maple Leaves : RHP Dave Conley
Pitching: RHP Dave Conley
Batting: RHB Ronald Sánchez 0-0: Called Strike
0-1: Ball
1-1: Ball
2-1: SINGLE (Groundball, 56D)
Batting: LHB Javier Pérez 0-0: Ball
1-0: Foul Ball, location: 2F
Error on foul ball, E3
1-2: Ball
2-2: Foul Ball, location: 2F
2-2: Ground out 1-3 (Groundball, 2L)
Ronald Sánchez to second
Batting: RHB Chris Simons 0-0: Called Strike
0-1: SINGLE (Groundball, 4M)
Ronald Sánchez to third
Batting: RHB Tim Godwin 0-0: Called Strike
0-1: Ball
1-1: Ball
2-1: Ball
Wild Pitch!
Ronald Sánchez scores
Chris Simons to second
3-1: Called Strike
3-2: Ground out 6-3 (Groundball, 6M)
Chris Simons to third
Batting: LHB Ted Cracknell 0-0: Ball
1-0: Foul Ball, location: 2F
1-1: Foul Ball, location: 2F
1-2: Ground out 6-3 (Groundball, 6)
Top of the 1st over - 1 run(s), 2 hit(s), 1 error(s), 1 left on base; Warwick 1 - Sylvania 0
BOTTOM OF THE 1ST
Sylvania Maple Leaves batting - Pitching for Warwick Hunchbacks : RHP Edward Bailey
Pitching: RHP Edward Bailey
Batting: RHB Kenny Norton 0-0: Ball
1-0: Called Strike
1-1: DOUBLE (Line Drive, 7LM)
Batting: LHB Jim Vaughan 0-0: Ball
1-0: Swinging Strike
1-1: DOUBLE (Flyball, 89D)
Kenny Norton scores
Batting: LHB Herman Hayes 0-0: Ball
1-0: Ball
2-0: Ball
3-0: Foul Ball, location: 2F
3-1: Called Strike
3-2: Foul Ball, location: 2F
3-2: Foul Ball, location: 2F
3-2: Ground out 4-3 (Groundball, 4M)
Jim Vaughan to third
Batting: RHB Harris Harden 0-0: Called Strike
0-1: Foul Ball, location: 2F
0-2: Foul Ball, location: 2F
0-2: SINGLE (Groundball, 6MD)
Jim Vaughan scores
Batting: RHB Philippe Parmentier 0-0: Called Strike
0-1: Called Strike
0-2: Foul Ball, location: 2F
0-2: Strikes out swinging
Batting: LHB Chris Randolph 0-0: Ball
1-0: Ball
2-0: SINGLE (Groundball, 4MD)
Harris Harden to second
Batting: RHB Jim Unknown 0-0: Ball
1-0: Ball
2-0: Called Strike
2-1: Ball
3-1: Called Strike
3-2: Fly out, F9 (Line Drive, 9D)
Bottom of the 1st over - 2 run(s), 4 hit(s), 0 error(s), 2 left on base; Warwick 1 - Sylvania 2
TOP OF THE 2ND
Warwick Hunchbacks batting - Pitching for Sylvania Maple Leaves : RHP Dave Conley
Batting: RHB Eric Russell 0-0: Ball
1-0: Foul Ball, location: 2F
1-1: Called Strike
1-2: Ball
2-2: Ball
3-2: Foul Ball, location: 2F
3-2: SINGLE (Groundball, 4MD)
Batting: SHB Cal James 0-0: Ball
1-0: Swinging Strike
1-1: Ball
2-1: SINGLE (Groundball, 56)
Eric Russell to second
Batting: RHB On Seow 0-0: Grounds into double play, 5-4-3 (Groundball, 5)
Eric Russell to third
Batting: RHB Chris Riles 0-0: Called Strike
0-1: Foul Ball, location: 2F
0-2: Strikes out swinging
Top of the 2nd over - 0 run(s), 2 hit(s), 0 error(s), 1 left on base; Warwick 1 - Sylvania 2
BOTTOM OF THE 2ND
Sylvania Maple Leaves batting - Pitching for Warwick Hunchbacks : RHP Edward Bailey
Batting: RHB José Valdéz 0-0: SINGLE (Groundball, 56D)
Batting: RHB Abdurahman Paloka 0-0: Called Strike
0-1: Foul Ball, location: 2F
0-2: Ball
1-2: Ball
2-2: Strikes out swinging
Batting: RHB Kenny Norton 0-0: Called Strike
0-1: Grounds into double play, 6-4-3 (Groundball, 6)
Bottom of the 2nd over - 0 run(s), 1 hit(s), 0 error(s), 0 left on base; Warwick 1 - Sylvania 2
TOP OF THE 3RD
Warwick Hunchbacks batting - Pitching for Sylvania Maple Leaves : RHP Dave Conley
Batting: RHB Ronald Sánchez 0-0: Called Strike
0-1: Swinging Strike
0-2: Foul Ball, location: 2F
0-2: Ball
1-2: Strikes out swinging
Batting: LHB Javier Pérez 0-0: Ball
1-0: Ground out 4-3 (Groundball, 34)
Batting: RHB Chris Simons 0-0: Foul Ball, location: 2F
0-1: Called Strike
0-2: Foul Ball, location: 2F
0-2: Foul Ball, location: 2F
0-2: Ball
1-2: DOUBLE (Groundball, 5L)
Batting: RHB Tim Godwin 0-0: Called Strike
0-1: Ball
1-1: Ball
2-1: Foul Ball, location: 2F
2-2: Ground out 6-3 (Groundball, 6)
Top of the 3rd over - 0 run(s), 1 hit(s), 0 error(s), 1 left on base; Warwick 1 - Sylvania 2
BOTTOM OF THE 3RD
Sylvania Maple Leaves batting - Pitching for Warwick Hunchbacks : RHP Edward Bailey
Batting: LHB Jim Vaughan 0-0: Swinging Strike
0-1: Ball
1-1: SINGLE (Groundball, 4MD)
Batting: LHB Herman Hayes 0-0: Ball
1-0: Swinging Strike
1-1: Swinging Strike
1-2: Hit by Pitch
Jim Vaughan to second
Batting: RHB Harris Harden 0-0: Foul Ball, location: 2F
0-1: Ball
1-1: Swinging Strike
1-2: DOUBLE (Flyball, 9LM)
Jim Vaughan scores
Herman Hayes to third
Batting: RHB Philippe Parmentier 0-0: Ball
1-0: Ball
2-0: Called Strike
2-1: Foul Ball, location: 2F
2-2: Foul Ball, location: 2F
2-2: Foul Ball, location: 2F
2-2: Foul Ball, location: 2F
2-2: Strikes out looking
Batting: LHB Chris Randolph 0-0: Foul Ball, location: 2F
0-1: Ground out 4-3 (Groundball, 4)
Herman Hayes scores
Harris Harden to third
Batting: RHB Jim Unknown 0-0: Ball
1-0: Called Strike
1-1: Ball
2-1: Foul Ball, location: 2F
2-2: Foul Ball, location: 2F
2-2: Strikes out swinging
Bottom of the 3rd over - 2 run(s), 2 hit(s), 0 error(s), 1 left on base; Warwick 1 - Sylvania 4
TOP OF THE 4TH
Warwick Hunchbacks batting - Pitching for Sylvania Maple Leaves : RHP Dave Conley
Batting: LHB Ted Cracknell 0-0: Ball
1-0: Called Strike
1-1: Ball
2-1: Ball
3-1: Called Strike
3-2: Base on Balls
Batting: RHB Eric Russell 0-0: Ball
1-0: Called Strike
1-1: Grounds into double play, 6-4-3 (Groundball, 6D)
Batting: SHB Cal James 0-0: Swinging Strike
0-1: Foul Ball, location: 2F
0-2: Foul Ball, location: 2F
0-2: Strikes out looking
Top of the 4th over - 0 run(s), 0 hit(s), 0 error(s), 0 left on base; Warwick 1 - Sylvania 4
BOTTOM OF THE 4TH
Sylvania Maple Leaves batting - Pitching for Warwick Hunchbacks : RHP Edward Bailey
Batting: RHB José Valdéz 0-0: Swinging Strike
0-1: Foul Ball, location: 2F
0-2: Ball
1-2: Ball
2-2: Foul Ball, location: 2F
2-2: Foul Ball, location: 2F
2-2: Strikes out looking
Batting: RHB Abdurahman Paloka 0-0: Ball
1-0: Called Strike
1-1: Foul Ball, location: 2F
1-2: Foul Ball, location: 2F
1-2: Strikes out looking
Batting: RHB Kenny Norton 0-0: Swinging Strike
0-1: Foul Ball, location: 2F
0-2: Ball
1-2: Fly out, F7 (Flyball, 7M)
Bottom of the 4th over - 0 run(s), 0 hit(s), 0 error(s), 0 left on base; Warwick 1 - Sylvania 4
TOP OF THE 5TH
Warwick Hunchbacks batting - Pitching for Sylvania Maple Leaves : RHP Dave Conley
Batting: RHB On Seow 0-0: Ball
1-0: Foul Ball, location: 2F
1-1: Ball
2-1: Swinging Strike
2-2: Foul Ball, location: 2F
2-2: Strikes out swinging
Batting: RHB Chris Riles 0-0: Ball
1-0: Ball
2-0: Ball
3-0: Called Strike
3-1: Foul Ball, location: 2F
3-2: Ground out 5-3 (Groundball, 5)
Batting: RHB Ronald Sánchez 0-0: Foul Ball, location: 2F
0-1: Ball
1-1: Ball
2-1: Foul Ball, location: 2F
2-2: Ball
3-2: Ground out 4-3 (Groundball, 4)
Top of the 5th over - 0 run(s), 0 hit(s), 0 error(s), 0 left on base; Warwick 1 - Sylvania 4
BOTTOM OF THE 5TH
Sylvania Maple Leaves batting - Pitching for Warwick Hunchbacks : RHP Edward Bailey
Batting: LHB Jim Vaughan 0-0: Called Strike
0-1: Ball
1-1: Ball
2-1: Ball
3-1: Fly out, F4 (Popup, 4MD)
Batting: LHB Herman Hayes 0-0: Ball
1-0: Swinging Strike
1-1: Swinging Strike
1-2: Ball
2-2: Strikes out looking
Batting: RHB Harris Harden 0-0: Ground out 4-3 (Groundball, 4)
Bottom of the 5th over - 0 run(s), 0 hit(s), 0 error(s), 0 left on base; Warwick 1 - Sylvania 4
TOP OF THE 6TH
Warwick Hunchbacks batting - Pitching for Sylvania Maple Leaves : RHP Dave Conley
Batting: LHB Javier Pérez 0-0: Foul Ball, location: 2F
0-1: Ball
1-1: Ball
2-1: SINGLE (Line Drive, 7LM)
Batting: RHB Chris Simons 0-0: Ball
1-0: Foul Ball, location: 2F
1-1: Ball
2-1: Grounds into double play, 6-4-3 (Groundball, 6)
Batting: RHB Tim Godwin 0-0: Foul Ball, location: 2F
0-1: SINGLE (Groundball, 56)
Batting: LHB Ted Cracknell 0-0: Ball
1-0: Foul Ball, location: 2F
1-1: SINGLE (Line Drive, 9LS)
Tim Godwin to second
Batting: RHB Eric Russell 0-0: Foul Ball, location: 2F
0-1: Ground out U3 (Groundball, 3S)
Top of the 6th over - 0 run(s), 3 hit(s), 0 error(s), 2 left on base; Warwick 1 - Sylvania 4
BOTTOM OF THE 6TH
Sylvania Maple Leaves batting - Pitching for Warwick Hunchbacks : RHP Edward Bailey
Batting: RHB Philippe Parmentier 0-0: Ball
1-0: Swinging Strike
1-1: Ball
2-1: Foul Ball, location: 2F
2-2: Ball
3-2: Ground out 5-3 (Groundball, 56)
Batting: LHB Chris Randolph 0-0: Ball
1-0: Ball
2-0: Called Strike
2-1: SINGLE (Line Drive, 6D)
Batting: RHB Jim Unknown 0-0: Called Strike
0-1: Ball
1-1: Swinging Strike
1-2: 2-RUN HOME RUN (Flyball, 8LXD), Distance : 442 ft
Pitching: RHP Jeremy Dennis
Batting: RHB José Valdéz 0-0: Ball
Reached via error on a dropped throw, E3
Batting: RHB Abdurahman Paloka 0-0: Ball
1-0: Ball
2-0: Called Strike
2-1: Foul Ball, location: 2F
2-2: Strikes out looking
Batting: RHB Kenny Norton 0-0: Ball
1-0: Ball
2-0: Ball
3-0: Called Strike
3-1: SINGLE (Groundball, 5D)
José Valdéz to second
Batting: LHB Jim Vaughan 0-0: Called Strike
0-1: Ball
1-1: Called Strike
1-2: Ball
2-2: Foul Ball, location: 2F
2-2: Ball
3-2: Base on Balls
José Valdéz to third
Kenny Norton to second
Batting: LHB Herman Hayes 0-0: Called Strike
0-1: Ball
1-1: Foul Ball, location: 2F
1-2: Ball
2-2: SINGLE (Groundball, 25) (infield hit)
José Valdéz scores
Kenny Norton to third
Jim Vaughan to second
Batting: RHB Harris Harden 0-0: Called Strike
0-1: Ball
1-1: Foul Ball, location: 2F
1-2: Foul Ball, location: 2F
1-2: Foul Ball, location: 2F
1-2: Foul Ball, location: 2F
1-2: Ball
2-2: GRAND SLAM HOME RUN (Flyball, 89XD), Distance : 413 ft
Batting: RHB Philippe Parmentier 0-0: Ball
1-0: Foul Ball, location: 2F
1-1: Ball
2-1: Ball
3-1: Called Strike
3-2: Strikes out swinging
Bottom of the 6th over - 7 run(s), 5 hit(s), 1 error(s), 0 left on base; Warwick 1 - Sylvania 11
TOP OF THE 7TH
Warwick Hunchbacks batting - Pitching for Sylvania Maple Leaves : RHP Dave Conley
Now in LF: Bob MacGruder
Batting: SHB Cal James 0-0: Ball
1-0: Foul Ball, location: 2F
1-1: Swinging Strike
1-2: Ground out 4-3 (Groundball, 4)
Batting: RHB On Seow 0-0: Ball
1-0: Foul Ball, location: 2F
1-1: Reached on error, E4 (Groundball, 4)
Batting: RHB Chris Riles 0-0: Called Strike
0-1: Called Strike
0-2: Ball
1-2: Grounds into double play, 6-4-3 (Groundball, 6)
Top of the 7th over - 0 run(s), 0 hit(s), 1 error(s), 0 left on base; Warwick 1 - Sylvania 11
BOTTOM OF THE 7TH
Sylvania Maple Leaves batting - Pitching for Warwick Hunchbacks : RHP Jeremy Dennis
Pitching: RHP Leroy Jackson
Batting: LHB Chris Randolph 0-0: Ball
1-0: Ball
2-0: Ball
3-0: Base on Balls
Batting: RHB Jim Unknown 0-0: Ball
1-0: Ball
2-0: Foul Ball, location: 2F
2-1: Foul Ball, location: 2F
2-2: SINGLE (Groundball, 6D)
Chris Randolph to second
Batting: RHB José Valdéz 0-0: Foul Ball, location: 2F
0-1: DOUBLE (Line Drive, 89D)
Chris Randolph scores
Jim Unknown to third
Batting: RHB Abdurahman Paloka 0-0: Foul Ball, location: 2F
0-1: Swinging Strike
0-2: Ball
1-2: Strikes out looking
Batting: RHB Kenny Norton 0-0: Swinging Strike
0-1: Ball
1-1: Swinging Strike
1-2: Ball
2-2: Strikes out swinging
Batting: LHB Jim Vaughan 0-0: Ball
1-0: Foul Ball, location: 2F
1-1: Ball
2-1: Ball
3-1: Base on Balls
Batting: LHB Herman Hayes 0-0: Ball
1-0: Foul Ball, location: 2F
1-1: Foul Ball, location: 2F
1-2: Fly out, F7 (Flyball, 7LM)
Bottom of the 7th over - 1 run(s), 2 hit(s), 0 error(s), 3 left on base; Warwick 1 - Sylvania 12
TOP OF THE 8TH
Warwick Hunchbacks batting - Pitching for Sylvania Maple Leaves : RHP Dave Conley
Batting: RHB Ronald Sánchez 0-0: Ball
1-0: Ball
2-0: Foul Ball, location: 2F
2-1: Swinging Strike
2-2: Foul Ball, location: 2F
2-2: Ground out 6-3 (Groundball, 6M)
Pitching: LHP Jim Unknown
Batting: LHB Javier Pérez 0-0: Ball
1-0: Bunted foul
1-1: Swinging Strike
1-2: Foul Ball, location: 2F
1-2: Foul Ball, location: 2F
1-2: Foul Ball, location: 2F
1-2: Ball
2-2: SINGLE (Line Drive, 56D)
Batting: RHB Chris Simons 0-0: Ball
1-0: Foul Ball, location: 2F
1-1: Ball
2-1: Ball
3-1: Swinging Strike
3-2: Strikes out swinging
Javier Pérez steals 2nd base
Batter strikes out.
Batting: RHB Tim Godwin 0-0: Ball
1-0: Foul Ball, location: 2F
1-1: Fly out, F9 (Popup, 4D)
Top of the 8th over - 0 run(s), 1 hit(s), 0 error(s), 1 left on base; Warwick 1 - Sylvania 12
BOTTOM OF THE 8TH
Sylvania Maple Leaves batting - Pitching for Warwick Hunchbacks : RHP Leroy Jackson
Batting: RHB Harris Harden 0-0: Called Strike
0-1: Called Strike
0-2: Hit by Pitch
Batting: RHB Bob MacGruder 0-0: Called Strike
0-1: Foul Ball, location: 2F
0-2: Strikes out swinging
Batting: LHB Chris Randolph 0-0: Called Strike
Harris Harden steals 2nd base
0-1: Ball
1-1: Ball
2-1: Foul Ball, location: 2F
2-2: Strikes out looking
Batting: RHB Jim Unknown 0-0: Ball
1-0: Swinging Strike
1-1: Ground out 5-3 (Groundball, 5L)
Bottom of the 8th over - 0 run(s), 0 hit(s), 0 error(s), 1 left on base; Warwick 1 - Sylvania 12
TOP OF THE 9TH
Warwick Hunchbacks batting - Pitching for Sylvania Maple Leaves : LHP Jim Unknown
Batting: LHB Ted Cracknell 0-0: Swinging Strike
0-1: Ball
1-1: Ball
2-1: Ground out 4-3 (Groundball, 34)
Batting: RHB Eric Russell 0-0: Ball
1-0: Ball
2-0: Called Strike
2-1: Ball
3-1: Ground out 6-3 (Groundball, 6)
Batting: SHB Cal James 0-0: Called Strike
0-1: Foul Ball, location: 2F
0-2: Ball
1-2: Strikes out looking
Top of the 9th over - 0 run(s), 0 hit(s), 0 error(s), 0 left on base; Warwick 1 - Sylvania 12
This league is powered by Out of the Park Baseball, the baseball management simulation game for PC, Mac and Linux
Saturday, February 27th, 2021 - OOTP Baseball 15.6 Build 34